 Dungeon Crawl Stone Soup version 0.28-b1-25-g9875b3fc8c (console) character file.

Game seed: 14109880531212922124

23 syban the Digger (level 2, 22/22 HPs)
             Began as a Palentonga Earth Elementalist on Jan 31, 2022.
             Was an Initiate of Ashenzari.
             Quit the game on level 1 of the Dungeon.
             The game lasted 00:01:25 (1773 turns).

syban the Digger (Palentonga Earth Elementalist)    Turns: 1773, Time: 00:01:25

Health: 22/22      AC:  5    Str: 11    XL:     2   Next: 75%
Magic:  5/5        EV: 10    Int: 15    God:    Ashenzari [......]
Gold:   25         SH:  0    Dex: 10    Spells: 4/5 levels left

rFire   . . .      SeeInvis +   a - +0 hand axe
rCold   . . .      Faith    .   (no shield)
rNeg    . . .      Spirit   .   b - +0 robe
rPois   .          Reflect  .   g - +1 hat
rElec   .          Harm     .   (no cloak)
rCorr   .          Rampage  .   (no gloves)
Will    .....                   (no barding)
Stlth   +.........              (no amulet)
HPRegen 0.07/turn               (no ring)
MPRegen 0.09/turn               (no ring)

@: no status effects
A: large, rugged brown scales 3, see invisible, deformed body, roll 1, armoured
tail
a: Rolling Charge, Renounce Religion


You were on level 1 of the Dungeon.
You worshipped Ashenzari.
Ashenzari was noncommittal.
You visited 1 branch of the dungeon, and saw 1 of its levels.

You collected 25 gold pieces.

Inventory:

Hand Weapons
 a - a +0 hand axe (weapon)
Missiles
 c - 43 stones
Armour
 b - a +0 robe (worn)
 g - a +1 hat (worn)


   Skills:
 * Level 1.1 Fighting
 * Level 0.9 Armour
 * Level 2.1 Dodging
 - Level 1.2 Stealth
 - Level 2.0 Spellcasting
 - Level 1.0 Transmutations
 - Level 2.6 Earth Magic


You had 4 spell levels left.
You knew the following spells:

 Your Spells              Type           Power      Damage    Failure   Level
a - Sandblast             Erth           18%        2d7       8%          1

Your spell library contained the following spells:

 Spells                   Type           Power      Damage    Failure   Level
 Passwall                 Tmut/Erth      5%         N/A       16%         2
 Stone Arrow              Conj/Erth      10%        3d7       36%         3
 Petrify                  Tmut/Erth      7%         N/A       71%         4


Dungeon Overview and Level Annotations

Branches:
Dungeon (1/15)

Altars:
Ashenzari


Innate Abilities, Weirdness & Mutations

You are completely covered in rugged brown scales. (AC +3, +7% HP)
You have supernaturally acute eyesight. (SInv)
Armour fits poorly on your strangely shaped body.
You can roll at nearby foes to attack.
You have a long armoured tail.


Message History

Things that are here:
a +0 whip; a kobold corpse
Things that are here:
a +0 whip; a kobold corpse
There is an open door here.
You see here a +0 dagger.
You open the door.
Done exploring.
Done exploring.
Done exploring.
You aren't carrying any pieces of jewellery.
Unknown command.
Search for what [? for help]? .
You see here a +0 club.
There is an open door here.
There is a faded altar of an unknown god here.
As you read the scroll labelled TUHOAC UP VADGH, it crumbles to dust.
It is a scroll of enchant armour.
Your +0 hat glows green for a moment.
Unknown command.
Press < or > to pray at altars.
As you read the scroll labelled OGHEMU KAWI, it crumbles to dust.
Wisps of shadow whirl around you...
It was a scroll of summoning.
Unknown command.
Press < or > to pray at altars.
As you read the scroll labelled QILYUSM SAHO, it crumbles to dust.
You hear a loud clanging noise!
It was a scroll of noise.
Your endoplasm hits something. Your endoplasm hits the fungus.
The fungus begins to die.
Unknown command.
Press < or > to pray at altars.
You cannot tell which god this altar belongs to.
Convert to them anyway?
Ashenzari accepts your prayer! Ashenzari welcomes you!
Ashenzari warns you of distant threats and treasures.
Ashenzari reveals the structure of the dungeon to you.
Ashenzari shows you where magical portals lie.
Your endoplasm hits something.
Your endoplasm completely misses the fungus.
Unknown command.
Press < or > to pray at altars.
Are you sure you want to abandon this character and quit the game? (Confirm with "yes".)

....###)# #.#
#.#.....#.#.#.###
........###.#
###.#.###.#.#.#....
#####.......###...#.#
#.#.#.#####
#.#######...#+..#
#.#.#.# #.#
#........###.#.#.# #.#
#.P..P.PP.##.#÷#.#####
#.#
#.P♣J♣P...##.#.#......
#.#
#(.♣♣P♣♣P.##.#.#######
#.#
#...♣@rPP.##†#..[.....
#.#
#..♣♣rPJP.##.#########
#.#
#.....PPP.##.#.......#
# #.#
#.P.......##..........
# #.#
##.......#####.#####..
# #.# #######.# #.#
### # #.# #.# #.# #
#.# #.# #>#
###################.#
#.#######


You could see 2 friendly endoplasms, a friendly quokka (summoned) and a friendly
rat (summoned).

Vanquished Creatures
  A dart slug (D:1)
  2 ball pythons (D:1)
  4 bats (D:1)
  An endoplasm (D:1)
  A giant cockroach (D:1)
  A goblin (D:1)
  2 hobgoblins (D:1)
  2 kobolds (D:1)
  2 quokkas (D:1)
  3 frilled lizards (D:1)
  A rat (D:1)
20 creatures vanquished.

Notes
Turn   | Place    | Note
-------+----------+-------------------------------------------
     0 | D:1      | syban the Palentonga Earth Elementalist began the quest for
                  | the Orb.
     0 | D:1      | Reached XP level 1. HP: 13/13 MP: 3/3
   607 | D:1      | Reached XP level 2. HP: 18/21 MP: 5/5
   936 | D:1      | Found a faded altar of an unknown god.
   968 | D:1      | Reached skill level 1 in Fighting
  1772 | D:1      | Prayed at the altar of an unknown god.
  1772 | D:1      | Became a worshipper of Ashenzari the Shackled
  1773 | D:1      | Quit the game

Illustrated notes

Levels and vault maps discovered:
D:1:      minmay_arrival_solitary_statue, layout_basic,
          dreamdust_ecumenical_altar_grove

Skill      XL: |  1  2 |
---------------+-------+-----
Dodging        | 2 |  2.1
Fighting       | 1 |  1.1
Armour         | |  0.9
Stealth        | |  1.2
Spellcasting   | |  2.0
Transmutations | |  1.0
Earth Magic    | |  2.6

Action                   || total
-------------------------++-------
Melee: Unarmed           ||    19
       Hand axe          ||    65
       Tailslap          ||     4
 Cast: Sandblast         ||     3
  Use: Scroll            ||     3
 Stab: Sleeping          ||     2
Armor: Robe              ||    36
Dodge: Dodged            ||    48
